 Dungeon Crawl Stone Soup version 0.25.1-2-g60ff931df9 (webtiles) character file.

Game seed: 18305867466815272353

4844 Kold the Martial Artist (level 10, -2/74 HPs)
             Began as an Octopode Transmuter on Aug 6, 2020.
             Was a High Priest of Cheibriados.
             Slain by a warg (11 damage)
             ... on level 10 of the Dungeon.
             The game lasted 00:19:35 (12520 turns).

Kold the Martial Artist (Octopode Transmuter)      Turns: 12520, Time: 00:19:36

Health: -2/74      AC:  8    Str: 22    XL:     10   Next: 49%
Magic:  12/14      EV: 13    Int: 31    God:    Cheibriados [*****.]
Gold:   570        SH:  0    Dex: 28    Spells: 5/15 levels left

rFire    x . .     SeeInvis .     - Unarmed
rCold    + + +     Gourm    .   (shield currently unavailable)
rNeg     . . .     Faith    .   (helmet currently unavailable)
rPois    +         Spirit   .   j - amulet of the acrobat
rElec    .         Reflect  .   h - +6 ring of dexterity
rCorr    .         Harm     .   t - ring of flight
MR       .....                  o - ring of wizardry
Stlth    ++........             v - ring of poison resistance
HPRegen  0.22/turn              (no ring)
MPRegen  0.14/turn              (no ring)
                                (no ring)
                                (no ring)

@: about to teleport, ice-form, very slow
A: large, almost no armour, stealthy swim, amphibious, 8 rings, (constrict 8),
clumsy 1, wild magic 1
a: End Transformation, Bend Time, Temporal Distortion, Slouch, Step From Time,
Renounce Religion, Evoke Flight


You were on level 10 of the Dungeon.
You worshipped Cheibriados.
Cheibriados was extremely pleased with you.
You were hungry.
You were a creature of crystalline ice.
You visited 1 branch of the dungeon, and saw 10 of its levels.

You collected 570 gold pieces.

Inventory:

Missiles
 a - 158 arrows
Jewellery
 h - a +6 ring of dexterity (left front paw)
 j - an amulet of the acrobat (around neck)
 o - a ring of wizardry (on tentacle)
 t - a ring of flight (right front paw)
 v - a ring of poison resistance (on tentacle)
Wands
 s - a wand of enslavement (10)
 w - a wand of disintegration (16)
Scrolls
 b - 3 scrolls of remove curse
 f - 6 scrolls of amnesia
 i - 9 scrolls of identify
 k - 2 scrolls of fog {unknown}
 l - a scroll of enchant armour {unknown}
 m - 2 scrolls of magic mapping
 p - a scroll of teleportation
Potions
 d - a potion of degeneration {unknown}
 e - a potion of cancellation {unknown}
 g - a potion of flight
 n - a potion of magic
 q - 2 potions of invisibility
 r - a potion of lignification {unknown}
 u - a potion of curing
Comestibles
 c - 21 rations


   Skills:
 + Level 2.9 Fighting
 + Level 3.4 Dodging
 * Level 10.4 Unarmed Combat
 + Level 3.2 Spellcasting
 - Level 9.2 Transmutations
 - Level 4.0 Ice Magic
 - Level 3.0 Poison Magic


You had 5 spell levels left.
You knew the following spells:

 Your Spells              Type           Power        Failure   Level  Hunger
a - Beastly Appendage     Tmut           ######       1%          1    None
b - Sticks to Snakes      Tmut           ######..     1%          2    None
c - Spider Form           Tmut/Pois      ######....   1%          3    ##.....
d - Ice Form              Ice/Tmut       ######..     2%          4    ####...

Your spell library contained the following spells:

 Spells                   Type           Power        Failure   Level  Hunger
 Blade Hands              Tmut           ######....   2%          5    #####..
 Foxfire                  Conj/Fire      #...         4%          1    None
 Magic Dart               Conj           #...         4%          1    None
 Blink                    Tloc           N/A          6%          2    None
 Call Imp                 Summ           #.......     6%          2    None
 Slow                     Hex            #.......     6%          2    None
 Mephitic Cloud           Conj/Pois/Air  ##......     8%          3    ##.....
 Conjure Flame            Conj/Fire      #.......     12%         3    ##.....
 Inner Flame              Hex/Fire       #.......     12%         3    ##.....
 Sticky Flame             Conj/Fire      #.......     32%         4    ####...
 Fireball                 Conj/Fire      #.........   63%         5    #####..


Dungeon Overview and Level Annotations

Branches:
Dungeon (10/15)            Temple (0/1) D:4
   Lair: D:8-11         Orc: D:9-12

Altars:
Ashenzari
Cheibriados
Dithmenos
Elyvilon
Fedhas
Gozag
Hepliaklqana
Okawaru
Qazlal
Ru
Sif Muna
Uskayaw
Xom
The Shining One

Annotations:
D:8 3 runed translucent doors, ZZKoverts's ghost, novice CeHu
D:9 1 runed translucent door, Erica; stazo's ghost, novice DsFi
D:10 exclusion: orange crystal statue


Innate Abilities, Weirdness & Mutations

You cannot wear most types of armour.
You are very stealthy in the water. (Stealth+)
You are amphibious.
You can wear up to eight rings at the same time.
((You can use your tentacles to constrict eight enemies at once.))
((Your skin changes colour to match your surroundings (Stealth+).))
((Your rubbery body absorbs attacks. (AC +1, EV +1)))
You are clumsy. (Dex -2)
Your spells are a little harder to cast, but a little more powerful.


Message History

You are confused.
The orc completely misses you.
You punch something! You freeze something.
Cheibriados appreciates the change of pace.
Reactivating autopickup.
You feel a bit more experienced. The warg misses you.
You're too confused!
You bump into the rock wall.
The warg bites you! The orc hits you but does no damage.
The warg closely misses you.
You feel better. The warg bites you! The orc completely misses you.
The orc wizard mumbles some strange words.
The orc wizard blinks!
The warg bites you.
* * * LOW HITPOINT WARNING * * *
The warg bites you.
* * * LOW HITPOINT WARNING * * *
As you read the scroll of teleportation, it crumbles to dust.
You feel strangely unstable. The warg bites you!
* * * LOW HITPOINT WARNING * * *
The orc misses you. The warg closely misses you. The warg bites you!
You die...

........................##..##..
............###....##....>.....#
##########..###....##.########.#
#............# #.#
#.###+###....# #.# ..+ #....#
#.# ..### #....# #.# ...
######....# #.# .....#.hY......#
#.. ....oo.hh......# ###
......o##......# # .......
.......# # .....#......##.# #
....###........# ..## +........#
# #......#.# #......#.#


You could see 3 wargs, an orc wizard (fast) and 2 orcs.

Vanquished Creatures
  Maggie (D:7)
  A centaur skeleton (D:10)
  A troll (D:9)
  A wyvern (D:10)
  A hornet zombie (D:7)
  2 orc warriors
  3 ice beasts
  A phantom (D:4)
  3 sky beasts
  5 centaurs
  5 ogres
  A big kobold (D:9)
  4 bullfrogs
  4 scorpions
  5 wights (D:9)
  2 howler monkeys
  4 jellies
  4 crimson imps
  A centaur zombie (D:7)
  2 bullfrog zombies (D:9)
  2 hounds (D:6)
  5 orc priests
  2 bullfrog skeletons
  5 orc wizards
  4 iguanas
  10 worker ants
  A hound skeleton (D:9)
  11 adders
  A shadow imp (D:9)
  2 oozes
  2 adder skeletons
  An adder zombie (D:9)
  A dart slug (D:1)
  2 worms
  5 leopard geckos
  35 orcs
  11 bats
  8 giant cockroaches
  14 goblins
  3 hobgoblins
  13 jackals
  5 quokkas
  8 frilled lizards
  A jackal skeleton (D:7)
  A jackal zombie (D:6)
  14 kobolds
  2 leopard gecko zombies (D:5)
  A quokka skeleton (D:6)
  8 rats
229 creatures vanquished.

Vanquished Creatures (others)
  2 withered plants (D:9)
2 creatures vanquished.

Grand Total: 231 creatures vanquished

Notes
Turn   | Place    | Note
-------+----------+-------------------------------------------
     0 | D:1      | Kold the Octopode Transmuter began the quest for the Orb.
     0 | D:1      | Reached XP level 1. HP: 13/13 MP: 3/3
   121 | D:1      | Reached XP level 2. HP: 12/18 MP: 3/5
   814 | D:1      | Reached XP level 3. HP: 18/23 MP: 6/6
  1684 | D:2      | Reached XP level 4. HP: 17/28 MP: 7/7
  1823 | D:2      | Reached skill level 4 in Unarmed Combat
  1833 | D:2      | Found a faded altar of an unknown god.
  2274 | D:2      | Noticed a +0 hand axe
  2274 | D:2      | Noticed a +0 hand axe
  2277 | D:2      | Found a hide-covered altar of Uskayaw.
  2617 | D:3      | Found a snail-covered altar of Cheibriados.
  2682 | D:3      | Became a worshipper of Cheibriados the Contemplative
  2880 | D:3      | Learned a level 2 spell: Sticks to Snakes
  2884 | D:3      | Learned a level 3 spell: Spider Form
  2937 | D:3      | Gained mutation: You are clumsy. (Dex -2) [potion of
                  | mutation]
  2937 | D:3      | Gained mutation: Your spells are a little harder to cast,
                  | but a little more powerful. [potion of mutation]
  2963 | D:3      | Reached XP level 5. HP: 7/33 MP: 4/8
  3576 | D:3      | Reached * piety under Cheibriados
  3959 | D:4      | Reached skill level 5 in Unarmed Combat
  3959 | D:4      | Reached XP level 6. HP: 28/38 MP: 9/9
  4127 | D:4      | Noticed a phantom
  4151 | D:4      | Killed a phantom
  4151 | D:4      | Reached skill level 1 in Poison Magic
  4430 | D:4      | Reached XP level 7. HP: 43/43 MP: 8/10
  4461 | D:4      | Found a staircase to the Ecumenical Temple.
  4467 | D:4      | Found a shadowy altar of Dithmenos.
  4485 | D:4      | Found a shadowy altar of Dithmenos.
  4485 | D:4      | Noticed a shadow
  4487 | D:4      | Found a hazy altar of Hepliaklqana.
  4538 | D:4      | Reached skill level 5 in Transmutations
  4548 | D:4      | Learned a level 4 spell: Ice Form
  4572 | D:4      | Found an opulent altar of Gozag.
  5082 | D:5      | Entered Level 5 of the Dungeon
  5117 | D:5      | Found a white marble altar of Elyvilon.
  5121 | D:4      | Reached ** piety under Cheibriados
  5252 | D:5      | Reached skill level 6 in Unarmed Combat
  5288 | D:5      | Found a sacrificial altar of Ru.
  5797 | D:5      | Found a glowing golden altar of the Shining One.
  5797 | D:5      | Found a shattered altar of Ashenzari.
  5797 | D:5      | Found a shimmering altar of Xom.
  6334 | D:5      | Reached XP level 8. HP: 48/48 MP: 5/11
  6419 | D:5      | Found a blossoming altar of Fedhas.
  6431 | D:5      | Reached skill level 7 in Unarmed Combat
  7011 | D:5      | Found a shimmering blue altar of Sif Muna.
  7235 | D:6      | Reached skill level 1 in Ice Magic
  7396 | D:6      | Reached *** piety under Cheibriados
  7795 | D:7      | Noticed Maggie
  8388 | D:7      | Killed Maggie
  8388 | D:7      | Reached skill level 8 in Unarmed Combat
  8388 | D:7      | Reached XP level 9. HP: 53/53 MP: 10/12
  8764 | D:7      | Reached **** piety under Cheibriados
  9242 | D:8      | Found a stormy altar of Qazlal.
  9310 | D:8      | Reached skill level 9 in Unarmed Combat
  9456 | D:8      | Found a runed translucent gate.
  9459 | D:8      | Found a runed translucent gate.
  9459 | D:8      | Found a runed translucent gate.
  9462 | D:8      | Noticed ZZKoverts's ghost (novice CeHu)
 10163 | D:9      | Noticed a troll
 10172 | D:9      | Killed a troll
 10313 | D:9      | Reached XP level 10. HP: 58/58 MP: 11/13
 10382 | D:9      | Noticed Erica
 10592 | D:9      | Found a runed translucent door.
 10594 | D:9      | Noticed stazo's ghost (novice DsFi)
 11098 | D:9      | Found an iron altar of Okawaru.
 11314 | D:9      | Reached skill level 10 in Unarmed Combat
 11415 | D:9      | Noticed a two-headed ogre
 11435 | D:10     | Entered Level 10 of the Dungeon
 11608 | D:10     | Reached ***** piety under Cheibriados
 11670 | D:10     | Noticed an orange crystal statue
 12520 | D:10     | Slain by a warg

Illustrated notes

Levels and vault maps discovered:
D:1:      grunt_arrival_lava_bath, layout_loops_ring
D:2:      layout_loops_ring, dancing_weapons_uskayaw,
          chequers_ecumenical_altar_island, minmay_tromino_i2
D:3:      layout_loops_corners, lemuel_doored_altar, kennysheep_another_room
D:4:      cheibrodos_helix_gallery, layout_loops_ring,
          riverfiend_overflow_shadow_ancestor, grunt_gozag_statues,
          minmay_temple_entry_purple_smoke, grunt_dithmenos_smoke
D:5:      layout_rooms, nicolae_overflow_crystal_walls, kennysheep_mini,
          lemuel_round_altar, chequers_temple_overflow_statue_of_worship,
          first_ration
D:6:      layout_gridville
D:7:      layout_basic, grunt_decor_cap, kennysheep_generic_room_16, uniq_maggie
D:8:      layout_basic, grunt_qazlal_sundering, gammafunk_ghost_spectres
D:9:      layout_basic, overflow_temple_1_default, gammafunk_ghost_grave,
          uniq_erica
D:10:     layout_stronghold, erik_lair_orcish_takeover, serial_co_window_serial,
          co_window_corner_a, co_window_paths_a, co_window_corner_a,
          co_window_paths_a, co_window_paths_a, co_window_2corner,
          co_window_of_opportunity_b, co_window_paths_c, minivault_15

Skill      XL: |  1  2  3  4  5  6  7  8  9 10 |
---------------+-------------------------------+-----
Transmutations | 3 4 6 7 9 |  9.2
Unarmed Combat | 4 5 6 8 9 10 | 10.4
Poison Magic   | 2 3 |  3.0
Ice Magic      | 3 4 |  4.0
Fighting       | 2 |  2.9
Dodging        | 3 |  3.4
Spellcasting   | 3 |  3.2

Action                   |  1- 3 |  4- 6 |  7- 9 | 10-12 || total
-------------------------+-------+-------+-------+-------++-------
Melee: Unarmed           |    79 |   123 |   217 |    97 ||   516
       Constrict         |    22 |    34 |    34 |     8 ||    98
       Kick              |    10 |    26 |    42 |    15 ||    93
       Tentacles         |    10 |    29 |    29 |     9 ||    77
       Punch             |     4 |     3 |     5 |     3 ||    15
 Cast: Beastly Appendage |    19 |    23 |    31 |     6 ||    79
       Sticks to Snakes  |       |     3 |     1 |       ||     4
       Spider Form       |       |       |    14 |     4 ||    18
       Ice Form          |       |       |     7 |    12 ||    19
Invok: Bend Time         |       |     2 |       |       ||     2
  Use: Potion            |       |     5 |     3 |     3 ||    11
       Scroll            |       |     4 |     1 |     4 ||     9
 Stab: Sleeping          |     8 |     8 |    10 |     5 ||    31
       Distracted        |       |     1 |       |       ||     1
  Eat: Chunk             |     3 |     8 |     8 |     2 ||    21
       Ration            |       |       |     1 |     1 ||     2
Armor: Skin              |     4 |     8 |    19 |    10 ||    41
Dodge: Dodged            |    74 |    76 |   190 |    92 ||   432
